 Zot Defence DCSS version 0.14.2 (webtiles) character file.

145 Kira the Ruinous (level 5, 28/28 HPs)
             Began as a Deep Elf Conjurer on Oct 21, 2015.
             Got out of the dungeon alive.
             The game lasted 00:07:50 (811 turns).

Kira the Ruinous (Deep Elf Conjurer)                 Turns: 811, Time: 00:07:50

HP  28/28        AC  2     Str  5      XL: 5   Next:  6%
MP  17/18        EV 13     Int 21      God:
Gold 0           SH  0     Dex 15      Spells:  2 memorised,  9 levels left

rFire  . . .     SeeInvis .     j - +0 club
rCold  . . .     Clarity  .     a - +0 robe
rNeg   . . .     Conserve .     (no shield)
rPois  .         rCorr    .     (no helmet)
rElec  .         rRot     .     (no cloak)
SustAb . .       Spirit   .     (no gloves)
rMut   .         Warding  .     (no boots)
Saprov . . .     Stasis   .     (no amulet)
MR     .....                    (no ring)
                                (no ring)

@: not resistant to hostile enchantments, fairly stealthy
A: no striking features
a: Make dart trap, Make oklob sapling, Make arrow trap, Make plant, Remove
Curse, Make burning bush


You were in the Realm of Zot.
You were not hungry.

You visited 1 branch

Inventory:

Hand weapons
 j - a +0,+0 club (weapon)
Armour
 a - a +0 robe (worn)
Comestibles
 d - a bread ration
Scrolls
 i - a scroll of blinking
Potions
 b - 3 potions of curing
 e - a potion of heal wounds
 f - a potion of haste
 g - 2 potions of magic
 h - a potion of berserk rage
Books
 c - a book of Conjurations

   Spells                             Type                      Level
   *Magic Dart                        Conjuration                  1
   *Searing Ray                       Conjuration                  2
   Dazzling Spray                     Conjuration/Hexes            3
   Fulminant Prism                    Conjuration/Hexes            4
   Iskenderun's Mystic Blast          Conjuration                  4
   Iskenderun's Battlesphere          Conjuration/Charms           5


   Skills:
 + Level 2.5 Dodging
 - Level 2.4 Stealth
 + Level 4.4 Spellcasting
 + Level 6.4 Conjurations


You had 9 spell levels left.
You knew the following spells:

 Your Spells              Type           Power        Failure   Level  Hunger
a - Magic Dart            Conj           ####         1%          1    None
b - Searing Ray           Conj           ####..       1%          2    #......


Dungeon Overview and Level Annotations

Branches:
    Zot (1/1)

Altars:


Message History

You hit Rocco but do no damage.
Rocco is severely wounded.
A sheep comes into view.
You closely miss Rocco.
Rocco is severely wounded.
You hit Rocco but do no damage.
Rocco is severely wounded.
You hit Rocco but do no damage.
Rocco is severely wounded.
You hit Rocco.
Rocco is almost dead.
You sense that a powerful threat has arrived.
Unknown command.
Quiver which item? (- for none, * to show all) (? for menu, Esc to quit)
Okay, then.
A giant frog and a giant mite come into view.
A rat comes into view.
There is a staircase leading out of the dungeon here.
Are you sure you want to leave the Realm of Zot?
This will make you lose the game!
You have escaped!

.......###^..^)olw)%....^###.....
.......# ##.....bls.F...## #.....
.......# #......r......# #.....
.......# ##...........## #.....
.......# #...........# #.....
.......# ##...........## #.....
......## #.............# ##....
.....## ##.............## ##...
....## #......@.<......# ##..
####▓▓▓ ########<######## ▓▓▓##
▓▓∆▓▓ ### ▓▓∆▓▓ ▓∆∆∆▓ ▓∆∆∆▓ ▓▓∆▓▓
▓▓∆▓▓ ▓▓▓ ▓▓▓


You could see Rocco the orc warrior, a worm, Woaxzi Cuuc the giant frog, 2
iguanas, a giant mite, a bat and a rat.

Vanquished Creatures
  A worker ant (Zot)
  2 oozes (Zot)
  5 orcs (Zot)
  2 bats (Zot)
  A giant cockroach (Zot)
  6 goblins (Zot)
  A hobgoblin (Zot)
  2 ball pythons (Zot)
  A giant newt (Zot)
  A giant spore (Zot)
  3 kobolds (Zot)
  A rat (Zot)
26 creatures vanquished.

Vanquished Creatures (collateral kills)
  A gnoll shaman (Zot)
  An orc (Zot)
  A hobgoblin (Zot)
  2 jackals (Zot)
  A goblin (Zot)
  3 butterflies (Zot)
9 creatures vanquished.

Vanquished Creatures (others)
  2 oklob saplings (Zot)
  An ooze (Zot)
  A kobold (Zot)
4 creatures vanquished.

Grand Total: 39 creatures vanquished

Notes
Turn   | Place    | Note
--------------------------------------------------------------
     0 | Zot      | Kira, the Deep Elf Conjurer, began the quest for the Orb.
     0 | Zot      | Reached XP level 1. HP: 10/10 MP: 5/5
   311 | Zot      | Reached XP level 2. HP: 15/15 MP: 0/8
   341 | Zot      | Reached skill level 5 in Conjurations
   424 | Zot      | Reached XP level 3. HP: 19/19 MP: 5/11
   476 | Zot      | Reached XP level 4. HP: 24/24 MP: 2/14
   495 | Zot      | Learned a level 2 spell: Searing Ray
   600 | Zot      | Reached skill level 6 in Conjurations
   602 | Zot      | Noticed Rocco
   616 | Zot      | Reached XP level 5. HP: 28/28 MP: 3/18
   811 | Zot      | Got out of the dungeon alive.

Action                   |  1- 3 |  4- 6 || total
-------------------------+-------+-------++-------
Melee: Unarmed           |    17 |       ||    17
       Club              |    40 |    97 ||   137
 Cast: Magic Dart        |    25 |    10 ||    35
       Searing Ray       |       |     6 ||     6
 Abil: Make dart trap    |     7 |       ||     7
       Make oklob saplin |     1 |     1 ||     2
